 Dungeon Crawl Stone Soup version 0.23.1 (webtiles) character file.

Game seed: 3736070998560908551

95 Irenicus the Grave Robber (level 4, 0/54 HPs)
             Began as a Deep Dwarf Necromancer on Mar 12, 2019.
             Slain by a bullfrog (3 damage)
             ... on level 3 of the Dungeon.
             The game lasted 00:08:39 (1121 turns).

Irenicus the Grave Robber (Deep Dwarf Necromancer)  Turns: 1121, Time: 00:08:40

Health: 0/54       AC: 22    Str: 11    XL:     4   Next: 39%
Magic:  0/7        EV:  2    Int: 17    God:
Gold:   94         SH:  0    Dex: 13    Spells: 2/7 levels left

rFire    . . .     SeeInvis .   b - +0 club
rCold    . . .     Gourm    .   (no shield)
rNeg     + + +     Faith    .   (armour currently unavailable)
rPois    +         Spirit   .   (helmet currently unavailable)
rElec    .         Reflect  .   (cloak currently unavailable)
rCorr    .         Harm     .   (gloves currently unavailable)
MR       .....     NoTele   +   (boots currently unavailable)
Stlth    ++........             (no amulet)
HPRegen  0.00/turn              (no ring)
MPRegen  0.10/turn              (no ring)

@: tree-form, non-regenerating
A: damage resistance, heal wounds, sense surroundings 1, no regeneration
a: Heal Wounds


You were on level 3 of the Dungeon.
You were not hungry.
You were a tree.
You visited 1 branch of the dungeon, and saw 3 of its levels.

You collected 94 gold pieces.

Inventory:

Hand Weapons
 b - a +0 club (weapon)
   (You took it off a goblin on level 1 of the Dungeon)
Missiles
 e - 131 stones (quivered)
Armour
 i - a +1 leather armour of cold resistance (melded)
   (You found it on level 1 of the Dungeon)
 o - a +0 helmet
   (You found it on level 3 of the Dungeon)
Scrolls
 d - 2 scrolls of teleportation {unknown}
 f - a scroll of immolation {unknown}
 g - 2 scrolls of blinking {unknown}
 j - a scroll of enchant armour {unknown}
 l - a scroll of remove curse {unknown}
 m - 2 scrolls of magic mapping {unknown}
 n - 3 scrolls of identify {unknown}
Potions
 a - a potion of lignification {!q}
 h - 3 potions of haste
 k - a potion of agility
Comestibles
 c - 7 rations


   Skills:
 - Level 2.1 Dodging
 - Level 2.4 Stealth
 - Level 2.0 Spellcasting
 + Level 6.3 Necromancy


You had 2 spell levels left.
You knew the following spells:

 Your Spells              Type           Power        Failure   Level  Hunger
a - Pain                  Necr           ###.         1%          1    #......
x - Vampiric Draining     Necr           ###.......   4%          3    ###....
A - Animate Skeleton      Necr           N/A          1%          1    #......

Your spell library contained the following spells:

 Spells                   Type           Power        Failure   Level  Hunger
 Animate Dead             Necr           N/A          14%         4    #####..
 Regeneration             Chrm/Necr      Unusable     N/A         3    N/A

Dungeon Overview and Level Annotations

Branches:
Dungeon (3/15)

Altars:


Innate Abilities, Weirdness & Mutations

You are resistant to damage.
You can heal yourself by infusing magical energy.
You passively map a small area around you.
You do not regenerate.


Message History

n - 3 scrolls labeled JIAK OFUEGU (gained 2)
A goblin comes into view. It is wielding a +0 dagger.
The goblin shouts!
The goblin completely misses you.
Aim: a goblin, wielding a +0 dagger You kill the goblin!
You feel life coursing into your body.
You regained 2 hp, and now have 29/36 hp.
You now have 4/7 mp.
Things that are here:
a +0 dagger; a goblin corpse You attempt to give life to the dead...
Before your eyes, flesh is ripped from the corpse!
The dead are walking!
You see here 2 chunks of flesh {@w0}.
You now have 3/7 mp.
Eating one of 2 chunks of flesh {@w0}.
You eat one of the 2 chunks of flesh {@w0}.
You are feeling hungry.
Eating a chunk of flesh {@w0}.
You eat the chunk of flesh {@w0}.
There is an escape hatch in the floor here.
You slide downwards.
The hatch slams shut behind you.
A bullfrog, a worm and a kobold come into view.
Aim: a bullfrog (resting)
You feel life coursing into your body.
The kobold shouts!
The bullfrog completely misses you.
The kobold throws a stone.
The stone closely misses you.
You regained 3 hp, and now have 32/36 hp.
You now have 3/7 mp.
Aim: a bullfrog (moderately wounded, chance to defeat MR: 83%)
The bullfrog writhes in agony.
The bullfrog hits you. x2
The kobold throws a stone.
The stone hits you.
You take 3 damage, and have 29/36 hp.
You now have 2/7 mp.
Aim: a bullfrog (moderately wounded, chance to defeat MR: 83%)
The bullfrog writhes in agony.
The bullfrog closely misses you.
The kobold throws a stone.
The stone closely misses you.
You now have 1/7 mp.
Aim: a bullfrog (heavily wounded, chance to defeat MR: 83%)
The bullfrog barely resists.
The bullfrog misses you. The bullfrog closely misses you.
You now have 0/7 mp.
The kobold closely misses you.
Okay, then.
You hit the bullfrog. The bullfrog barely misses you. The bullfrog hits you.
The kobold hits you with a +0 club.
You hit the bullfrog but do no damage. The bullfrog barely misses you.
The kobold hits you but does no damage. The bullfrog barely misses you.
The bullfrog hits you. The kobold closely misses you.
You take 1 damage, and have 28/36 hp.
Aim: a bullfrog (severely wounded, chance to defeat MR: 83%)
The bullfrog writhes in agony.
The bullfrog misses you. The bullfrog closely misses you.
The kobold closely misses you.
You now have 0/7 mp.
The bullfrog misses you.
You closely miss the bullfrog. The bullfrog hits you!
The bullfrog barely misses you. The kobold hits you but does no damage.
You take 6 damage, and have 22/36 hp.
You barely miss the bullfrog. The bullfrog hits you. x2
The kobold barely misses you. The worm closely misses you.
You take 6 damage, and have 16/36 hp.
The bullfrog hits you. The kobold hits you but does no damage.
The bullfrog hits you.
You take 5 damage, and have 11/36 hp.
The bullfrog hits you but does no damage.
The kobold barely misses you. The bullfrog barely misses you.
A rat comes into view.
The bullfrog barely misses you.
You see here a helmet.
Aim: a bullfrog (severely wounded, chance to defeat MR: 83%)
The bullfrog barely resists.
The bullfrog misses you.
You now have 0/7 mp.
You hit the bullfrog but do no damage. The bullfrog hits you.
* * * LOW HITPOINT WARNING * * *
The bullfrog hits you.
* * * LOW HITPOINT WARNING * * *
You take 4 damage, and have 7/36 hp.
o - a helmet The bullfrog hits you.
* * * LOW HITPOINT WARNING * * *
The bullfrog misses you.
You take 1 damage, and have 6/36 hp.
The bullfrog hits you.
* * * LOW HITPOINT WARNING * * *
You take 2 damage, and have 4/36 hp.
It was a potion of lignification.
You turn into a tree.
Your +1 leather armour of cold resistance melds into your body.
You feel less resistant to cold.
Your roots penetrate the ground.
The bullfrog hits you but does no damage.
You now have 6/54 hp.
You hit the bullfrog. The bullfrog hits you.
* * * LOW HITPOINT WARNING * * *
The bullfrog hits you but does no damage.
You take 3 damage, and have 3/54 hp.
Aim: a bullfrog (heavily wounded, chance to defeat MR: 83%)
The bullfrog barely resists.
The bullfrog hits you but does no damage.
The bullfrog hits you.
You die...

*
#################
* * ,
......rKF♣.......
,
....##w#########*,
, .#.####.#######
, .......Kw.....#
* ,
.#.###........# *
* * * #........# *
, * #........# , *
#........# * ,
#.......(#


You could see a bullfrog, a worm, a kobold and a rat.

Vanquished Creatures
  4 adders (D:2)
  A dart slug (D:1)
  2 leopard geckos (D:1)
  2 ball pythons
  3 bats
  4 giant cockroaches
  11 goblins
  7 hobgoblins
  2 frilled lizards
  8 kobolds
  4 rats
48 creatures vanquished.

Vanquished Creatures (collateral kills)
  A worm (D:2)
  A dart slug (D:2)
2 creatures vanquished.

Grand Total: 50 creatures vanquished

Notes
Turn   | Place    | Note
-------+----------+-------------------------------------------
     0 | D:1      | Irenicus the Deep Dwarf Necromancer began the quest for the
                  | Orb.
     0 | D:1      | Reached XP level 1. HP: 15/15 MP: 3/3
    82 | D:1      | Reached skill level 2 in Spellcasting
   103 | D:1      | Reached XP level 2. HP: 11/22 MP: 3/5
   108 | D:1      | HP: 3/22 [hobgoblin/+0 club (4)]
   228 | D:1      | Learned a level 1 spell: Animate Skeleton
   246 | D:1      | Reached skill level 5 in Necromancy
   275 | D:1      | HP: 1/22 [dart slug/slug dart (2)]
   389 | D:1      | Reached XP level 3. HP: 8/28 MP: 0/6
   411 | D:1      | HP: 6/28 [goblin (2)]
   438 | D:1      | HP: 5/28 [leopard gecko (1)]
   510 | D:1      | Learned a level 3 spell: Vampiric Draining
   700 | D:2      | Reached skill level 6 in Necromancy
   756 | D:2      | Reached XP level 4. HP: 16/36 MP: 0/7
  1094 | D:3      | Noticed a bullfrog
  1115 | D:3      | HP: 7/36 [bullfrog (3)]
  1120 | D:3      | HP: 3/54 [bullfrog (3)]
  1121 | D:3      | Slain by a bullfrog

Skill      XL: |  1  2  3 |
---------------+----------+-----
Spellcasting   | 2 |  2.0
Necromancy     | 5 6 |  6.3
Dodging        | |  2.1
Stealth        | |  2.4

Action                   |  1- 3 |  4- 6 || total
-------------------------+-------+-------++-------
Melee: Club              |    65 |     9 ||    74
       Unarmed           |     1 |       ||     1
Throw: Javelin           |     1 |       ||     1
 Cast: Pain              |    57 |    12 ||    69
       Animate Skeleton  |     1 |     2 ||     3
       Vampiric Draining |     1 |     6 ||     7
 Abil: Heal Wounds       |     2 |       ||     2
  Use: Potion            |     2 |     1 ||     3
 Stab: Sleeping          |       |     1 ||     1
  Eat: Chunk             |       |     3 ||     3
Armor: Robe              |    22 |       ||    22
       Leather armour    |     8 |     6 ||    14
       Skin              |       |     3 ||     3
Dodge: Dodged            |    88 |    31 ||   119

Levels and vault maps discovered:
D:1:      saegor_arrival_under_anarchy, layout_rooms
D:2:      layout_basic
D:3:      layout_basic, ebering_ghost_reflecting_pool,
          makhleb_blood_cavern_becter

Table legend:
 A = Turns spent in this place as a percentage of turns spent in the entire game.
 B = Non-inter-level travel turns spent in this place as a percentage of non-inter-level travel turns spent in the entire game.
 C = Inter-level travel turns spent in this place as a percentage of turns spent in this place.
 D = Turns resting spent in this place as a percentage of non-inter-level travel turns spent in this place.
 E = Turns spent auto-exploring this place as a percentage of non-inter-level travel turns spent in this place.
 F = Non-inter-level travel turns spent in this place divided by the number of levels of this place that you've seen.
                   A       B       C       D       E      F
               +-------+-------+-------+-------+-------+----------------------
         Total | 100.0 | 100.0 |   0.0 |   0.0 |   0.0 | 373.7
       Dungeon | 100.0 | 100.0 |   0.0 |   0.0 |   0.0 | 373.7
               +-------+-------+-------+-------+-------+----------------------

Table legend:
 A = Kills in this place as a percentage of kills in entire the game.
 B = Kills by you in this place as a percentage of kills by you in the entire game.
 C = Kills by friends in this place as a percentage of kills by friends in the entire game.
 D = Other kills in this place as a percentage of other kills in the entire game.
 E = Experience gained in this place as a percentage of experience gained in the entire game.
 F = Experience gained in this place divided by the number of levels of this place that you have seen.
                   A       B       C       D       E      F
               +-------+-------+-------+-------+-------+----------------------
         Total | 100.0 | 100.0 | 100.0 |   N/A | 100.0 |  45.3
       Dungeon | 100.0 | 100.0 | 100.0 |   N/A | 100.0 |  45.3
               +-------+-------+-------+-------+-------+----------------------
